Map: Cosmic Sapphire

Players

Electrician

  • Race: Terran Terran
  • League: Master
  • Spawn Location: 11:00

Bogie - Winner!

  • Race: Terran Terran
  • League: Bronze
  • Spawn Location: 5:00

VOD

Have the link to the VOD?

Description

Time

  • Played on: July 20, 2022, 9:23 p.m.
  • Length: 6:42
Show
View Real Time Build Order
Export as new Build Order

Electrician Terran 

Build Orders:  

Get SALT Encoding   

  12  0:02  SCV  
  14  0:14  SCV  
  14  0:19  Supply Depot  
  14  0:26  SCV  
  15  0:40  SCV  
  15  0:42  Barracks  
  16  0:51  Refinery  
  16  0:52  Refinery  
  16  0:55  SCV  
  17  1:07  SCV  
  18  1:28  Orbital Command  
  18  1:31  Reaper  
  18  1:32  Supply Depot  
  19  1:46  Factory  
  19  1:54  SCV  
  20  2:04  Barracks Reactor  
  20  2:06  SCV  
  21  2:18  SCV  
  22  2:38  Hellion  
  22  2:42  Reaper x2  
  26  2:47  Starport  
  22  3:14  Marine  
  22  3:22  Factory Tech Lab  
  22  3:30  Marine  
  22  3:32  Marine  
  23  3:44  Command Center  
  23  3:48  SCV  
  24  4:00  SCV  
  24  4:12  SCV  
  25  4:20  Starport Tech Lab  
  26  4:24  SCV  
  26  4:25  Siege Tank  
  26  4:26  Marine x2  
  31  4:36  Engineering Bay  
  31  4:38  Engineering Bay  
  31  4:50  Supply Depot  
  31  4:53  Supply Depot  
  31  4:56  SCV, Raven  
  31  4:59  Orbital Command  
  34  5:02  Siege Tank  
  34  5:03  Marine x2  
  39  5:08  SCV  
  40  5:18  Supply Depot  
  40  5:20  SCV  
  41  5:29  Marine  
  41  5:30  Marine  
  41  5:31  SCV  
  41  5:32  SCV  
  45  5:41  Supply Depot  
  45  5:50  Starport Reactor, Factory  
  45  5:58  SCV x2  
  47  6:10  SCV x2  
  49  6:19  Refinery  
  49  6:22  Refinery, SCV x2  
Show
View Real Time Build Order
Export as new Build Order

Bogie Terran - Winner!

Build Orders:  

Get SALT Encoding   

  12  0:00  SCV  
  13  0:12  SCV  
  14  0:24  SCV  
  15  0:33  Supply Depot  
  15  0:37  Refinery  
  15  0:55  SCV  
  16  0:59  Barracks  
  16  1:00  Barracks  
  16  1:07  SCV  
  17  1:12  Refinery  
  17  1:19  SCV  
  18  1:31  SCV  
  20  1:49  Reaper, Supply Depot  
  20  1:50  Reaper  
  20  1:52  Orbital Command  
  21  2:06  Factory  
  21  2:19  SCV  
  22  2:23  Marine x2  
  24  2:31  SCV  
  25  2:41  Marine  
  25  2:43  SCV  
  27  2:53  Supply Depot  
  27  2:55  SCV  
  27  3:24  Factory Tech Lab  
  27  3:26  Barracks Tech Lab  
  26  3:32  Barracks Reactor  
  26  3:36  Starport  
  26  3:43  Supply Depot  
  26  3:44  Siege Tank  
  26  3:46  Marine  
  30  3:48  Combat Shield  
  30  4:10  Supply Depot  
  30  4:12  Marine x2  
  31  4:22  Siege Tank  
  34  4:31  SCV  
  34  4:33  Medivac  
  37  4:41  Command Center, Marine x2  
  37  4:43  SCV  
  40  4:54  Siege Tank  
  43  5:03  Medivac  
  45  5:12  Marine x2  
  45  5:13  Engineering Bay  
  47  5:23  Marine  
  48  5:30  Marine  
  49  5:48  Missile Turret  
  49  5:52  Marine x2  
  49  5:54  Starport Reactor  
  51  6:08  Marine  
  51  6:10  Marine, Missile Turret  
Tags
 
Matchup
TvT
Race
Terran
Spawn Locations
Cross Positions
Add a new tag
Caveats
  • Supply blocks, unpowered buildings, or Contaminate may cause inaccurate times.
  • Supply counts are checked every 10 seconds.